 Dungeon Crawl Stone Soup version 0.29-a0-330-g52719c12eb (webtiles) character file.

Game seed: 16629906715919986890

2058 Crownlay the Geomancer (level 9, -1/45 HPs)
             Began as a Gargoyle Earth Elementalist on Apr 19, 2022.
             Was a Follower of Vehumet.
             Slain by a yak (6 damage)
             ... on level 6 of the Dungeon.
             The game lasted 00:12:05 (6784 turns).

Crownlay the Geomancer (GrEE)                       Turns: 6784, Time: 00:12:05

Health: -1/45      AC:  9    Str: 11    XL:     9   Next: 25%
Magic:  14/21      EV: 12    Int: 21    God:    Vehumet [*.....]
Gold:   181        SH:  0    Dex: 10    Spells: 15/25 levels left

rFire   + . .      SeeInvis .   f - +0 dagger (venom)
rCold   + . .      Faith    .   (no shield)
rNeg    + . .      Spirit   .   b - +0 robe
rPois   ∞          Reflect  .   g - +1 hat
rElec   +          Harm     .   z - scarf {rC+ rF+}
rCorr   .          Rampage  .   (no gloves)
Will    .....                   (no boots)
Stlth   ++........              (no amulet)
HPRegen 0.15/turn               (no ring)
MPRegen 0.17/turn               (no ring)

@: invisible
A: sickness immunity, AC +6, negative energy resistance 1, electricity
resistance, torment resistance 1, petrification resistance
a: Renounce Religion


You were on level 6 of the Dungeon.
You worshipped Vehumet.
Vehumet was aware of your devotion.
You visited 2 branches of the dungeon, and saw 7 of its levels.

You collected 296 gold pieces.
You spent 115 gold pieces at shops.

Inventory:

Hand Weapons
 f - a +0 dagger of venom (weapon)
Missiles
 a - 31 stones
 x - a throwing net
Armour
 b - a +0 robe (worn)
 g - a +1 hat (worn)
 z - a scarf of resistance (worn)
 H - a +0 buckler
Jewellery
 m - a ring of fire
 q - a ring of wizardry
 v - an amulet of reflection
 D - a ring of fire
Wands
 d - a wand of flame (13)
 w - a wand of digging (6)
 E - a wand of acid (11)
Scrolls
 l - 3 scrolls of immolation
 p - 2 scrolls of magic mapping
 u - a scroll of fear {unknown}
 y - 2 scrolls of teleportation
 A - a scroll of blinking
 B - a scroll of amnesia {unknown}
 C - a scroll of torment {unknown}
 G - a scroll of enchant weapon {unknown}
Potions
 c - 3 potions of magic
 e - 3 potions of resistance {unknown}
 h - a potion of cancellation {unknown}
 i - 2 potions of flight {unknown}
 j - a potion of curing {unknown}
 k - a potion of experience {unknown}
 n - a potion of attraction {unknown}
 o - 2 potions of brilliance {unknown}
 r - a potion of heal wounds {unknown}
 s - 2 potions of berserk rage {unknown}
 t - 2 potions of degeneration {unknown}


   Skills:
 - Level 2.1 Dodging
 - Level 3.0 Stealth
 * Level 8.8 Spellcasting
 - Level 1.5 Transmutations
 + Level 8.8 Earth Magic


You had 15 spell levels left.
You knew the following spells:

 Your Spells              Type           Power      Damage    Failure   Level
a - Sandblast             Erth           92%        2d19      1%          1
b - Passwall              Tmut/Erth      25%        N/A       1%          2
c - Stone Arrow           Conj/Erth      54%        3d10      3%          3
d - Petrify               Tmut/Erth      31%        N/A       9%          4

Your spell library contained the following spells:

 Spells                   Type           Power      Damage    Failure   Level
 Magic Dart               Conj           36%        1d4       8%          1
 Corpse Rot               Necr/Air       18%        N/A       11%         2
 Poisonous Vapours        Pois/Air       18%        N/A       11%         2
 Static Discharge         Conj/Air       9%         N/A       11%         2
 Dispel Undead            Necr           9%         3d8       58%         4
 Lightning Bolt           Conj/Air       4%         1d16      90%         5
 Death Channel            Necr           4%         N/A       100%        6
 Maxwell's Capacitive Co  Air            4%         ∞         100%        8


Dungeon Overview and Level Annotations

Branches:
Dungeon (6/15)             Temple (1/1) D:4

Altars:
Ashenzari
Cheibriados
Dithmenos
Elyvilon
Fedhas
Gozag
Hepliaklqana
Kikubaaqudgha
Makhleb
Nemelex Xobeh
Okawaru
Qazlal
Ru
Sif Muna
Trog
Uskayaw
Vehumet
Wu Jian
Xom
Yredelemnul
Zin
The Shining One

Shops:
D:5 :**=

Annotations:
D:3 3 runed translucent doors, tuurum's ghost, amateur GnFi


Innate Abilities, Weirdness & Mutations

You are immune to sickness and miasma.
Your stone body is resilient. (AC +6)
You are immune to poison.
You resist negative energy. (rN+)
You are resistant to electric shocks. (rElec)
You are resistant to unholy torment.
You are immune to petrification.


Message History

The yak is lightly wounded.
The yak gores you.
Casting: Sandblast (safe; 1% risk of failure)
Confirm with . or Enter, or press ? or * to list all spells.
Aiming: Sandblast (safe; 1% risk of failure)
Press: ? - help, Shift-Dir - straight line, f/p - yak
Aim: a yak (90% to hit)
The blast of sand hits the yak!
The yak is moderately wounded.
The yak barely misses you.
Casting: Sandblast (safe; 1% risk of failure)
Confirm with . or Enter, or press ? or * to list all spells.
Aiming: Sandblast (safe; 1% risk of failure)
Press: ? - help, Shift-Dir - straight line, f/p - yak
Aim: a yak (moderately wounded, 90% to hit)
The blast of sand hits the yak!
The yak is heavily wounded.
The yak gores you!
* * * LOW HITPOINT WARNING * * *
Casting: Sandblast (safe; 1% risk of failure)
Confirm with . or Enter, or press ? or * to list all spells.
Aiming: Sandblast (safe; 1% risk of failure)
Press: ? - help, Shift-Dir - straight line, f/p - yak
Aim: a yak (heavily wounded, 90% to hit)
Okay, then.
Okay, then.
Press: ? - help, v - describe, . - travel
Here: a yak (heavily wounded)
The floor.
You fade into invisibility!
The yak closely misses you.
Casting: Sandblast (safe; 1% risk of failure)
Confirm with . or Enter, or press ? or * to list all spells.
Aiming: Sandblast (safe; 1% risk of failure)
Press: ? - help, Shift-Dir - straight line, f/p - yak
Aim: a yak (heavily wounded, can't see you, 90% to hit)
The blast of sand hits the yak!
The yak is severely wounded.
The yak gores you.
You die...

#.#########.##
............#
#..#......###
...+......###########
.#.#................#
...#.......########.#
.......###.# ####.#
.).##### #.# #....#
.#># #.# #@#### .#.#
..#####Y# .#..
####..YY# .#...
#.....?# ###...
#.....†.<...# ....
#...........# .....
#...........#
#...........#
#......######


You could see 3 yaks.

Vanquished Creatures
  Sigmund (D:4)
  2 yaks (D:6)
  The ghost of Tribosh the Magician, an amateur FeAE (D:5)
  2 ice beasts
  2 sky beasts
  A centaur (D:6)
  3 ogres
  A howler monkey (D:6)
  2 hounds
  4 jellies
  3 orc priests (D:5)
  3 iguanas
  Ijyb (D:4)
  Jessica (D:2)
  4 orc wizards
  A centaur simulacrum (D:5)
  A scorpion simulacrum (D:5)
  4 gnolls (D:5)
  6 adders
  A hound simulacrum (D:5)
  A white imp (D:5)
  An ufetubus (D:6)
  3 worms
  3 dart slugs
  23 orcs
  6 endoplasms
  4 giant cockroaches
  6 goblins
  3 hobgoblins
  4 jackals (D:1)
  6 kobolds
  3 quokkas
  7 ball pythons
  5 bats
  2 frilled lizards (D:3)
  2 rats (D:1)
123 creatures vanquished.

Notes
Turn   | Place    | Note
-------+----------+-------------------------------------------
     0 | D:1      | Crownlay the Gargoyle Earth Elementalist began the quest
                  | for the Orb.
     0 | D:1      | Reached XP level 1. HP: 10/10 MP: 3/3
   233 | D:1      | Reached skill level 1 in Transmutations
   233 | D:1      | Reached XP level 2. HP: 7/15 MP: 0/5
   536 | D:1      | Found a faded altar of an unknown god.
  1176 | D:1      | Reached XP level 3. HP: 18/19 MP: 6/6
  1439 | D:2      | Found an iron altar of Okawaru.
  1683 | D:2      | Reached XP level 4. HP: 13/24 MP: 7/7
  2301 | D:2      | Noticed Jessica
  2304 | D:2      | Killed Jessica
  2475 | D:3      | Reached XP level 5. HP: 25/28 MP: 6/9
  2478 | D:3      | Learned a level 2 spell: Passwall
  2482 | D:3      | Learned a level 3 spell: Stone Arrow
  2487 | D:3      | Learned a level 4 spell: Petrify
  2841 | D:3      | Found a runed translucent gate.
  2842 | D:3      | Found a runed translucent gate.
  2846 | D:3      | Found a runed translucent gate.
  2852 | D:3      | Noticed tuurum's ghost (amateur GnFi)
  3309 | D:4      | Found a staircase to the Ecumenical Temple.
  3335 | Temple   | Entered the Ecumenical Temple
  3671 | Temple   | Became a worshipper of Vehumet
  3686 | D:4      | Noticed Sigmund
  3695 | D:4      | Reached skill level 5 in Earth Magic
  3820 | D:4      | Killed Sigmund
  3821 | D:4      | Reached XP level 6. HP: 14/32 MP: 5/12
  4149 | D:4      | Noticed Ijyb
  4169 | D:4      | HP: 1/32 [Ijyb/+1 dagger of speed (4)]
  4170 | D:4      | Killed Ijyb
  4171 | D:4      | Reached skill level 5 in Spellcasting
  4171 | D:4      | Reached XP level 7. HP: 2/36 MP: 1/14
  4717 | D:4      | Found a shimmering blue altar of Sif Muna.
  4789 | D:5      | Entered Level 5 of the Dungeon
  5160 | D:5      | Found a runed translucent gate.
  5160 | D:5      | Found a runed translucent gate.
  5160 | D:5      | Found a runed translucent gate.
  5471 | D:5      | Noticed Tribosh's ghost (amateur FeAE)
  5472 | D:5      | Found Beufahat's General Store.
  5474 | D:5      | Found Utheca's Book Shop.
  5479 | D:5      | Found Plog's Assorted Antiques.
  5486 | D:5      | Reached XP level 8. HP: 41/41 MP: 10/17
  5527 | D:5      | Found Wiruv's Jewellery Shop.
  5542 | D:5      | Bought a scroll of blinking for 82 gold pieces
  5542 | D:5      | Bought a scroll of teleportation for 33 gold pieces
  5705 | D:5      | Reached * piety under Vehumet
  5705 | D:5      | Offered knowledge of Magic Dart by Vehumet.
  6165 | D:5      | Killed Tribosh's ghost
  6662 | D:6      | Reached XP level 9. HP: 41/45 MP: 17/21
  6784 | D:6      | Slain by a yak

Illustrated notes

Levels and vault maps discovered:
D:1:      saegor_arrival_simple_a, layout_basic,
          dreamdust_ecumenical_altar_statues, hangedman_glass_teeth
D:2:      layout_loops_ring, basic_altar, due_unseen_surprise, uniq_jessica
D:3:      layout_basic, gammafunk_ghost_necromancy
D:4:      layout_rooms, tgw_sif, minmay_temple_entry_sparse_star, uniq_sigmund,
          uniq_ijyb
D:5:      layout_basic, gammafunk_ghost_icy, minmay_shop_grid_forest
D:6:      layout_basic, minivault_27
Temple:   mainiacjoe_temple_circle_huts

Skill      XL: |  1  2  3  4  5  6  7  8 |
---------------+-------------------------+-----
Transmutations | 1 |  1.5
Earth Magic    | 4 5 6 8 |  8.8
Dodging        | 2 |  2.1
Stealth        | 3 |  3.0
Spellcasting   | 3 4 5 6 8 |  8.8

Action                   |  1- 3 |  4- 6 |  7- 9 || total
-------------------------+-------+-------+-------++-------
Melee: Unarmed           |    14 |       |       ||    14
       Dagger            |    64 |    93 |    12 ||   169
       Punch             |       |     1 |       ||     1
 Cast: Sandblast         |    11 |    36 |   116 ||   163
       Stone Arrow       |       |     3 |     1 ||     4
  Use: Scroll            |       |     4 |     1 ||     5
       Potion            |       |       |     1 ||     1
 Stab: Sleeping          |     3 |    10 |     1 ||    14
Armor: Robe              |    34 |    26 |    28 ||    88
Dodge: Dodged            |    70 |    68 |    42 ||   180

Table legend: (Time is in decaauts)
 A = Elapsed time spent in this place.
 B = Non-inter-level travel time spent in this place.
 C = Inter-level travel time spent in this place.
 D = Time resting spent in this place.
 E = Time spent auto-exploring this place.
 F = Levels seen in this place.
 G = Mean time per level.
                   A        B        C        D        E       F      G
               +--------+--------+--------+--------+--------+-----+--------+
         Total |   6783 |   6607 |    176 |     78 |   5660 |   7 |  969.0 |
       Dungeon |   6319 |   6185 |    134 |     78 |   5265 |   6 | 1053.2 |
        Temple |    464 |    422 |     42 |      0 |    395 |   1 |  464.0 |
               +--------+--------+--------+--------+--------+-----+--------+

Top non-repeatable levels by time:
     D:5: 1498 daAuts
     D:1: 1437 daAuts
     D:4: 1016 daAuts
     D:2: 995 daAuts
     D:3: 874 daAuts
     D:6: 495 daAuts
  Temple: 464 daAuts
